 Dungeon Crawl Stone Soup version 0.22.1-6-g1668fe2 (webtiles) character file.

112 MelsaHvarei the Poker (level 4, -2/49 HPs)
             Began as a Merfolk Skald on Jan 27, 2019.
             Slain by an ogre
             ... wielding a +0 giant club
              (19 damage)
             ... on level 4 of the Dungeon.
             The game lasted 00:07:57 (2921 turns).

MelsaHvarei the Poker (Merfolk Skald)               Turns: 2921, Time: 00:07:58

Health: -2/49      AC: 22    Str: 11    XL:     4   Next: 95%
Magic:  1/7        EV:  2    Int: 18    God:
Gold:   141        SH:  0    Dex: 13    Spells: 2/7 levels left

rFire    . . .     SeeInvis .   a - +1 spear
rCold    . . .     Gourm    .   (no shield)
rNeg     + + +     Faith    .   (armour currently unavailable)
rPois    +         Spirit   .   (helmet currently unavailable)
rElec    .         Reflect  .   (cloak currently unavailable)
rCorr    .         Harm     .   (gloves currently unavailable)
MR       .....     NoTele   +   (boots currently unavailable)
Stlth    +.........             (no amulet)
HPRegen  0.16/turn              i - +5 ring of intelligence
MPRegen  0.10/turn              (no ring)

@: tree-form, singing, very slightly contaminated
A: (change form in water), (swift swim), (stealthy swim)
a: no special abilities


You were on level 4 of the Dungeon.
You were hungry.
You were a tree.
You visited 1 branch of the dungeon, and saw 4 of its levels.

You collected 141 gold pieces.

Inventory:

Hand Weapons
 a - a +1 spear (weapon)
Armour
 b - a +0 leather armour (melded)
 g - a +0 pair of boots (melded)
Magical Staves
 m - an uncursed staff of conjuration {unknown}
Jewellery
 i - a +5 ring of intelligence (left branch)
Scrolls
 c - 2 scrolls of remove curse
 e - a scroll of amnesia
 f - a scroll of immolation
 j - a scroll of teleportation
 o - a scroll of identify
Potions
 k - a potion of ambrosia {unknown}
 l - a potion of heal wounds {unknown}
 n - a potion of curing {unknown}
Comestibles
 d - 7 rations


   Skills:
 - Level 2.1 Fighting
 * Level 6.1 Polearms
 - Level 0.6 Armour
 - Level 2.6 Dodging
 - Level 2.0 Spellcasting
 + Level 4.3 Charms


You had 2 spell levels left.
You knew the following spells:

 Your Spells              Type           Power        Failure   Level  Hunger
a - Infusion              Chrm           ###.         3%          1    #......
b - Shroud of Golubria    Chrm/Tloc      #.........   11%         2    ###....
c - Song of Slaying       Chrm           ###.....     4%          2    ###....

Your spell library contained the following spells:

 Spells                   Type           Power        Failure   Level  Hunger
 Regeneration             Chrm/Necr      #.........   22%         3    ###....
 Spectral Weapon          Hex/Chrm       #.......     22%         3    ###....


Dungeon Overview and Level Annotations

Branches:
Dungeon (4/15)
 Temple: D:4-7

Altars:

Annotations:
D:2 Sigmund
D:3 Purgy


Message History

You are too injured to fight recklessly!
You barely miss the orc.
The orc priest hits you but does no damage.
The orc hits you but does no damage.
You hit the orc.
The orc is moderately wounded.
The orc priest hits you with a short sword.
You hit the orc.
You kill the orc!
You hit the orc priest.
The orc priest is lightly wounded.
The orc priest hits you but does no damage.
The ogre hits you with a giant club.
You hit the ogre.
The ogre is lightly wounded.
The orc priest hits you but does no damage.
You puncture the ogre!
The ogre is heavily wounded.
The ogre hits you with a giant club!!
You die...

#..## # ##...# #
######...#..#.#
#.............#
####.###.##..##
#.##..# ..#
#.##.###..##
###'########.#.#...O..
.....ooo♣# ##..#...###
#####.o#O# ##...#
#..#.# #.#.#
#..#.#####.#.#
#o.#.....O...#
.............###
....#.#!######
###...#.# #.###.%


You could see an ogre, an orc priest and 3 orcs.

Vanquished Creatures
  An orc wizard (D:3)
  2 adders
  An ooze (D:3)
  A worm (D:2)
  2 dart slugs (D:1)
  A leopard gecko (D:1)
  3 orcs
  2 ball pythons
  8 giant cockroaches
  4 goblins
  3 hobgoblins (D:1)
  4 jackals (D:3)
  7 bats
  5 frilled lizards
  4 kobolds
  A rat (D:2)
49 creatures vanquished.

Notes
Turn   | Place    | Note
-------+----------+-------------------------------------------
     0 | D:1      | MelsaHvarei the Merfolk Skald began the quest for the Orb.
     0 | D:1      | Reached XP level 1. HP: 16/16 MP: 3/3
   169 | D:1      | Reached XP level 2. HP: 21/22 MP: 5/5
   173 | D:1      | Learned a level 2 spell: Shroud of Golubria
   490 | D:1      | Reached skill level 4 in Polearms
   710 | D:1      | Reached XP level 3. HP: 22/27 MP: 6/6
  1841 | D:2      | Reached skill level 5 in Polearms
  2061 | D:2      | Noticed Sigmund
  2361 | D:3      | Learned a level 2 spell: Song of Slaying
  2436 | D:3      | Reached XP level 4. HP: 29/33 MP: 5/7
  2498 | D:3      | Reached skill level 6 in Polearms
  2826 | D:3      | Noticed Purgy
  2898 | D:4      | Noticed an ogre
  2921 | D:4      | Slain by an ogre

Skill      XL: |  1  2  3  4 |
---------------+-------------+-----
Polearms       | 4 5 6 |  6.1
Charms         | 4 |  4.3
Fighting       | |  2.1
Armour         | |  0.6
Dodging        | |  2.6
Spellcasting   | |  2.0

Action                   |  1- 3 |  4- 6 || total
-------------------------+-------+-------++-------
Melee: Spear             |   160 |    53 ||   213
 Cast: Shroud of Golubri |     3 |     1 ||     4
       Infusion          |     3 |       ||     3
       Song of Slaying   |     1 |     1 ||     2
  Use: Scroll            |     8 |       ||     8
       Potion            |     1 |     1 ||     2
 Stab: Sleeping          |     1 |     2 ||     3
  Eat: Chunk             |     1 |     2 ||     3
       Ration            |     1 |       ||     1
Armor: Leather armour    |    33 |     9 ||    42
       Skin              |       |     3 ||     3
Dodge: Dodged            |    70 |    23 ||    93
